 Dungeon Crawl Stone Soup version 0.29-a0-581-ge9a90b782e (webtiles) character file.

Game seed: 5832091552681115864

166 KristoblXynda the Slasher (level 5, -1/45 HPs)
             Began as a Draconian Gladiator on June 14, 2022.
             Slain by an ogre
             ... wielding a +0 giant club
              (14 damage)
             ... on level 4 of the Dungeon.
             The game lasted 00:04:04 (3663 turns).

KristoblXynda the Slasher (Draconian Gladiator)     Turns: 3663, Time: 00:04:05

Health: -1/45      AC:  6    Str: 17    XL:     5   Next: 22%
Magic:  5/5        EV: 13    Int:  8    God:
Gold:   104        SH:  0    Dex: 14    Spells: 4/4 levels left

rFire   . . .      SeeInvis .   a - +0 long sword
rCold   + . .      Faith    .   (no shield)
rNeg    . . .      Spirit   .   (body armour unavailable)
rPois   .          Reflect  .   b - +0 hat
rElec   .          Harm     .   (no cloak)
rCorr   .          Rampage  .   i - +0 pair of gloves
Will    .....                   (no boots)
Stlth   +.........              (no amulet)
HPRegen 0.15/turn               o - ring of protection from cold
MPRegen 0.09/turn               t - ring of flight

@: flying
A: AC +5, unfitting armour, cold-blooded
a: no special abilities


You were on level 4 of the Dungeon.
You visited 1 branch of the dungeon, and saw 4 of its levels.

You collected 140 gold pieces.
You spent 36 gold pieces at shops.

Inventory:

Hand Weapons
 a - a +0 long sword (weapon)
 l - a +0 short sword of venom
Missiles
 c - 3 throwing nets (quivered)
Armour
 b - a +0 hat (worn)
 i - a +0 pair of gloves (worn)
Jewellery
 o - a ring of protection from cold (left hand)
 t - a ring of flight (right hand)
Scrolls
 f - a scroll of teleportation
 k - 2 scrolls of fog
 m - a scroll of acquirement {unknown}
 q - a scroll of enchant weapon {unknown}
 s - a scroll of amnesia {unknown}
 u - 3 scrolls of blinking {unknown}
 v - a scroll of noise {unknown}
Potions
 e - 3 potions of curing
 g - a potion of resistance {unknown}
 h - a potion of lignification
 j - a potion of heal wounds {unknown}
 n - 2 potions of flight
 p - a potion of degeneration {unknown}
 r - a potion of cancellation


   Skills:
 + Level 3.4 Fighting
 + Level 3.9 Long Blades
 + Level 2.9 Throwing
 + Level 3.5 Dodging


You had 4 spell levels left.
You didn't know any spells.
Your spell library was empty.

Dungeon Overview and Level Annotations

Branches:
Dungeon (4/15)
 Temple: D:4-7

Altars:

Shops:
D:3 (

Annotations:
D:4 1 runed translucent door, Heedrag's ghost, novice DsCj


Innate Abilities, Weirdness & Mutations

Your plain brown scales are hard. (AC +5)
You cannot fit into any form of body armour.
You are cold-blooded and may be slowed by cold attacks.


Message History

The giant cockroach bites you.
You hit the giant cockroach.
The giant cockroach is heavily wounded.
The giant cockroach closely misses you.
The giant cockroach bites you but does no damage.
Unknown command.
The giant cockroach closely misses you.
Throw: 4 throwing nets
Press: ? - help, Q - select action Shift-Dir - straight line, f/p - ogre
Aim: an ogre, wielding a +0 giant club (75% to hit)
You throw a throwing net. The throwing net hits the ogre.
The ogre is caught in the net!
The ogre struggles against the net.
The giant cockroach bites you but does no damage.
You slash the ogre!
The ogre is moderately wounded.
The giant cockroach bites you but does no damage.
The ogre struggles against the net.
You hit the ogre. You tail-slap the ogre.
The ogre is moderately wounded.
The giant cockroach bites you but does no damage.
The ogre struggles against the net.
The giant cockroach closely misses you.
You hit the ogre.
The ogre is heavily wounded.
The ogre struggles against the net.
The net rips apart, and the ogre comes free!
The giant cockroach bites you but does no damage.
You barely miss the ogre.
The ogre is heavily wounded.
The ogre hits you with a +0 giant club!!
The giant cockroach bites you.
* * * LOW HITPOINT WARNING * * *
You hit the ogre.
The ogre is severely wounded.
The giant cockroach closely misses you. The ogre misses you.
The giant cockroach barely misses you.
You barely miss the ogre.
The ogre is severely wounded.
The giant cockroach barely misses you. The ogre hits you with a +0 giant club!
You die...

###...####...######
...........### #
......(...## .
......)..## .#
..........# #.###
..........# #.....
..........# #......
..........##...###..
......w..†#@..##⌠##..
...[.....#OB.##...##.
............##.....##.
............#W.!♣?.⌠#.
.....###...##.....##.
...## #....##...##..
### ###...##.##...
##...#+#...#
##.......# #


You could see an ogre, Heedrag's ghost and a giant cockroach.

Vanquished Creatures
  An iguana (D:4)
  3 gnolls (D:3)
  2 adders (D:3)
  A worm (D:3)
  3 dart slugs (D:3)
  3 orcs
  5 bats
  2 endoplasms (D:2)
  3 giant cockroaches
  5 hobgoblins
  3 jackals (D:4)
  10 kobolds
  5 quokkas
  10 ball pythons
  7 frilled lizards
  12 goblins
  3 rats
78 creatures vanquished.

Notes
Turn   | Place    | Note
-------+----------+-------------------------------------------
     0 | D:1      | KristoblXynda the Draconian Gladiator began the quest for
                  | the Orb.
     0 | D:1      | Reached XP level 1. HP: 17/17 MP: 1/1
   502 | D:1      | Reached XP level 2. HP: 22/25 MP: 2/2
   998 | D:1      | Reached XP level 3. HP: 17/30 MP: 3/3
  2525 | D:3      | Found Ontaerph's Weapon Boutique.
  2560 | D:3      | Bought a throwing net for 36 gold pieces
  2655 | D:3      | Reached XP level 4. HP: 22/38 MP: 4/4
  3228 | D:3      | Found a faded altar of an unknown god.
  3280 | D:4      | Reached XP level 5. HP: 30/45 MP: 5/5
  3609 | D:4      | Found a runed translucent door.
  3610 | D:4      | Noticed Heedrag's ghost (novice DsCj)
  3639 | D:4      | Noticed an ogre
  3663 | D:4      | Slain by an ogre

Illustrated notes

Levels and vault maps discovered:
D:1:      dpeg_arrival_ternary, layout_basic, minmay_tetromino_o4
D:2:      layout_loops_ring
D:3:      layout_rooms, serial_shops, nicolae_shop_bloodbath_and_beyond,
          shapermc_ecumenical_altar_mp_highgroup
D:4:      cheibrodos_helix_gallery, layout_cave_pods,
          hellmonk_ghost_happy_afterlife, minmay_misc_feat_encased,
          uniq_crazy_yiuf_cottage

Skill      XL: |  1  2  3 |
---------------+----------+-----
Throwing       | 2 |  2.9
Dodging        | 3 |  3.5
Fighting       | 3 |  3.4
Long Blades    | |  3.9

Action                   |  1- 3 |  4- 6 || total
-------------------------+-------+-------++-------
Melee: Long sword        |   138 |    71 ||   209
       Tailslap          |     8 |     8 ||    16
       Punch             |     1 |       ||     1
Throw: Javelin           |     1 |     3 ||     4
       Throwing net      |       |     1 ||     1
  Use: Scroll            |       |     5 ||     5
       Potion            |       |     1 ||     1
 Stab: Sleeping          |     3 |     1 ||     4
Armor: Skin              |    54 |    27 ||    81
Dodge: Dodged            |   113 |    71 ||   184

Table legend: (Time is in decaauts)
 A = Elapsed time spent in this place.
 B = Non-inter-level travel time spent in this place.
 C = Inter-level travel time spent in this place.
 D = Time resting spent in this place.
 E = Time spent auto-exploring this place.
 F = Levels seen in this place.
 G = Mean time per level.
                   A        B        C        D        E       F      G
               +--------+--------+--------+--------+--------+-----+--------+
         Total |   3710 |   3627 |     83 |   1065 |   1923 |   4 |  927.5 |
       Dungeon |   3710 |   3627 |     83 |   1065 |   1923 |   4 |  927.5 |
               +--------+--------+--------+--------+--------+-----+--------+

Top non-repeatable levels by time:
     D:1: 1670 daAuts
     D:2: 858 daAuts
     D:3: 779 daAuts
     D:4: 400 daAuts
